 Dungeon Crawl Stone Soup version 0.31-a0-1227-g0136665373 (webtiles) character file.

Game seed: 343754712629107272

342 avis the Ruffian (level 6, -2/53 HPs)
             Began as a Hill Orc Monk on Dec 14, 2023.
             Was a Believer of Beogh.
             Splashed by a jelly's acid (10 damage)
             ... on level 3 of the Dungeon.
             The game lasted 00:17:57 (3766 turns).

avis the Ruffian (Hill Orc Monk)                    Turns: 3766, Time: 00:17:58

Health: -2/53      AC: -2    Str: 16    XL:     6   Next: 57%
Magic:  6/6        EV: 12    Int: 10    God:    Beogh [**....]
Gold:   213        SH:  0    Dex: 13    Spells: 5/5 levels left

rFire   + + .        a - +9 dagger of the Thirteen Bones {elec, rF++}
rCold   . . .        c - orb {light}
rNeg    . . .        z - +0 steam dragon scales
rPois   .            G - melded +0 helmet
rElec   .            (cloak currently unavailable)
rCorr   .            (gloves currently unavailable)
SInv    .            (boots currently unavailable)
Will    .....        t - amulet of the acrobat
Stlth   +            (no ring)
HPRegen 0.28/turn    (no ring)
MPRegen 0.10/turn

%: acrobat
@: beast-form, corroded, glowing
A: beast (slay +1)
a: Begin Untransformation, Renounce Religion, Smiting


You were on level 3 of the Dungeon.
You worshipped Beogh.
Beogh was pleased with you.
You were a hulking beast.
You visited 1 branch of the dungeon, and saw 5 of its levels.

You collected 213 gold pieces.

Inventory:

Hand Weapons
 a - the +9 dagger of the Thirteen Bones (weapon) {elec, rF++}
   (You found it on level 3 of the Dungeon)

   rF++:      It greatly protects you from fire.
 b - a +0 sling
 i - a +0 antimagic short sword
 k - a +2 dagger of flaming
 s - a +4 dagger
 F - a +5 club
 H - a +1 dagger of protection
Missiles
 y - 4 stones
Armour
 c - an orb of light (worn)
 e - a +0 scale mail
 n - a +0 ring mail
 q - a +0 chain mail
 v - a +0 robe
 z - +0 steam dragon scales (worn)
 G - a +0 helmet (melded)
 K - a +0 chain mail
Magical Staves
 J - a staff of poison
Jewellery
 t - an amulet of the acrobat (around neck)
Talismans
 x - a beast talisman (active)
Wands
 E - a wand of digging (6)
 I - a wand of paralysis (9)
Scrolls
 f - a scroll of fear {unknown}
 h - a scroll of poison {unknown}
 l - a scroll of amnesia {unknown}
 m - a scroll of torment {unknown}
 p - a scroll of noise {unknown}
 r - 2 scrolls of teleportation {unknown}
 u - 3 scrolls of identify {unknown}
 A - a scroll of fog {unknown}
 B - a scroll of silence {unknown}
Potions
 d - a potion of berserk rage {unknown}
 g - a potion of haste {unknown}
 j - a potion of invisibility {unknown}
 o - 2 potions of curing
 w - a potion of attraction {unknown}
 C - a potion of brilliance {unknown}
 D - 2 potions of heal wounds {unknown}


   Skills:
 - Level 4.6 Fighting
 - Level 2.0 Armour
 - Level 2.4 Dodging
 - Level 4.9 Unarmed Combat
 * Level 3.4 Shapeshifting


You had 5 spell levels left.
You didn't know any spells.
Your spell library contained the following spells:

 Spells                   Type           Power      Damage    Failure   Level
 Blink                    Tloc           0%         N/A       50%         2
 Manifold Assault         Tloc           0%         N/A       98%         4


Dungeon Overview and Level Annotations

Branches:
Dungeon (5/15)
 Temple: D:4-7

Altars:
Ashenzari
Cheibriados
Dithmenos
Elyvilon

Shops:
D:1 =


Message History

You hit the ogre.
The ogre is lightly wounded.
You hit the ogre.
The ogre is moderately wounded.
The ogre misses you.
You puncture the ogre!
The ogre is heavily wounded.
The ogre hits you with a +0 giant club! The orc closely misses you.
You hit the orc.
The orc is heavily wounded.
The orc hits you but does no damage.
You hit the orc.
You kill the orc!
Beogh accepts your kill. The jelly attacks as it pursues you!
The jelly completely misses you. The jelly attacks as it pursues you!
The jelly completely misses you. The jelly attacks as it pursues you!
The jelly barely misses you. The jelly attacks as it pursues you!
The jelly closely misses you. The jelly attacks as it pursues you!
The jelly misses you.
The jelly jiggles.
The jelly attacks as it pursues you! The jelly completely misses you.
There is a stone staircase leading up here.
The jelly barely misses you.
You climb upwards.
There is a stone staircase leading down here.
You puncture the jelly! The acid corrodes you!
Your hands burn!
The jelly is heavily wounded.
The jelly misses you.
You hit the jelly. The acid corrodes you!
Your hands burn!
The jelly is heavily wounded.
The jelly hits you.
You are splashed with acid!
* * * LOW HITPOINT WARNING * * *
It was a potion of curing.
You feel better. The jelly hits you.
You are splashed with acid!
* * * LOW HITPOINT WARNING * * *
You feel better. The jelly hits you.
* * * LOW HITPOINT WARNING * * *
You are splashed with acid!
You die...

#...############..####..# #.
.........# #........# #.
#........#######..#####.# #.
##................# #.# #.
#.#.....#######..#####.# #.
##.#.....# #..#.....########.
...###.### #..#.#............
#### #.#
######.J....###########
######.# ##...##h##.### ###
.......###8.......#.######.##
#########.................#.#
#...>.8......####..##
#..................#
##8.)...##...#.##..#
#######[...#.###.##.##..###
#........<.......##.##....#
#.#.[.........####...†..#.#


You could see a jelly.

Vanquished Creatures
  A steam dragon (D:4)
  An orc priest (D:3)
  2 iguanas (D:4)
  Robin (D:4)
  5 adders
  2 worms (D:2)
  A dart slug (D:1)
  4 orcs (D:4)
  2 ball pythons
  5 endoplasms
  9 giant cockroaches
  12 hobgoblins
  6 jackals
  2 quokkas
  4 bats
  A frilled lizard (D:1)
  14 goblins
  3 kobolds
  3 rats
78 creatures vanquished.

Vanquished Creatures (others)
  2 orcs
  A goblin (D:3)
3 creatures vanquished.

Grand Total: 81 creatures vanquished

Notes
Turn   | Place    | Note
-------+----------+-------------------------------------------
     0 | D:1      | avis the Hill Orc Monk began the quest for the Orb.
     0 | D:1      | Reached XP level 1. HP: 19/19 MP: 1/1
   322 | D:1      | Reached XP level 2. HP: 25/27 MP: 2/2
   646 | D:1      | Found Hetur's Jewellery Emporium.
   994 | D:2      | Reached XP level 3. HP: 33/33 MP: 3/3
  1033 | D:2      | Reached skill level 1 in Armour
  1827 | D:3      | Reached XP level 4. HP: 32/41 MP: 4/4
  1906 | D:3      | Became a worshipper of Beogh the Brigand
  1906 | D:3      | Reached * piety under Beogh
  1906 | D:3      | Reached ** piety under Beogh
  2189 | D:3      | Identified the +9 dagger of the Thirteen Bones {elec, rF++}
  2355 | D:3      | Reached XP level 5. HP: 47/47 MP: 5/5
  2454 | D:3      | Found a faded altar of an unknown god.
  2836 | D:4      | Found a snail-covered altar of Cheibriados.
  2839 | D:4      | Found a white marble altar of Elyvilon.
  2892 | D:4      | Found a broken altar of Ashenzari.
  2977 | D:4      | Reached skill level 1 in Shapeshifting
  3209 | D:4      | Found a shadowy altar of Dithmenos.
  3209 | D:4      | Noticed Robin
  3241 | D:4      | Killed Robin
  3684 | D:5      | Entered Level 5 of the Dungeon
  3684 | D:5      | Noticed a steam dragon
  3684 | D:5      | Noticed an ogre
  3696 | D:4      | Killed a steam dragon
  3697 | D:4      | Reached XP level 6. HP: 53/53 MP: 6/6
  3766 | D:3      | Splashed by a jelly's acid

Illustrated notes

Levels and vault maps discovered:
D:1:      dpeg_arrival_pits, layout_loops_cross, serial_shops,
          nicolae_diamond_shop, chequers_decorated_corner,
          minmay_misc_feat_more_columns
D:2:      cheibrodos_helix_gallery, layout_basic, serial_bayou_pond_e,
          minmay_worlds_worst_comb
D:3:      layout_loops_ring, shapermc_ecumenical_altar_flowoftime,
          grunt_ministairs_1
D:4:      layout_basic, mainiacjoe_overflow_concentric_impassable,
          mainiacjoe_overflow_brackets, cheibriados_altar_1,
          nicolae_dithmenos_through_a_glass_darkly, uniq_robin
D:5:      layout_rooms, eat_drink_and_be_merry_uskayaw, nicolae_the_louvre

Skill      XL: |  1  2  3  4  5 |
---------------+----------------+-----
Fighting       | 4 |  4.6
Unarmed Combat | 4 |  4.9
Armour         | 1 2 |  2.0
Shapeshifting  | 3 |  3.4
Dodging        | |  2.4

Action                     |  1- 3 |  4- 6 || total
---------------------------+-------+-------++-------
  Melee: Unarmed           |   107 |    36 ||   143
         Dagger            |       |    52 ||    52
   Fire: Sling             |       |    20 ||    20
  Throw: Boomerang         |    37 |     2 ||    39
         Stone             |     2 |       ||     2
 Invoke: Convert to Beogh  |       |     1 ||     1
    Use: Potion            |       |     3 ||     3
 Armour: Scale mail        |    31 |       ||    31
         Chain mail        |    15 |    41 ||    56
         Steam dragon scal |       |     8 ||     8
  Dodge: Dodged            |    40 |    64 ||   104
   Form: Beast             |       |     2 ||     2
                           |       |     1 ||     1

Table legend: (Time is in decaauts)
 A = Elapsed time spent in this place.
 B = Non-inter-level travel time spent in this place.
 C = Inter-level travel time spent in this place.
 D = Time resting spent in this place.
 E = Time spent auto-exploring this place.
 F = Levels seen in this place.
 G = Mean time per level.
                   A        B        C        D        E       F      G
               +--------+--------+--------+--------+--------+-----+--------+
         Total |   3779 |   3432 |    347 |    408 |   2203 |   5 |  755.8 |
       Dungeon |   3779 |   3432 |    347 |    408 |   2203 |   5 |  755.8 |
               +--------+--------+--------+--------+--------+-----+--------+

Top non-repeatable levels by time:
     D:3: 1026 daAuts
     D:4: 978 daAuts
     D:2: 921 daAuts
     D:1: 843 daAuts
     D:5: 8 daAuts
